 Dungeon Crawl Stone Soup version 0.19.4-9-g45fd643 (webtiles) character file.

13360 nikopol the Cleaver (level 11, -6/150 HPs)
             Began as a Minotaur Berserker on Feb 18, 2017.
             Was a High Priest of Trog.
             Mangled by a yak (8 damage)
             ... on level 2 of the Lair of Beasts.
             The game lasted 00:29:01 (11730 turns).

nikopol the Cleaver (Minotaur Berserker)           Turns: 11730, Time: 00:29:02

Health: -6/150     AC: 16    Str: 28    XL:     11   Next: 74%
Magic:  10/10      EV: 13    Int: 10    God:    Trog [*****.]
Gold:   373        SH:  0    Dex: 12    Spells: 0 memorised, 10 levels left

rFire  . . .     SeeInvis .     a - +3 war axe "Abbaletz" {flame, Stlth+}
rCold  . . .     Gourm    .     F - +0 chain mail
rNeg   + + .     Faith    .     (no shield)
rPois  +         Spirit   .     (helmet restricted)
rElec  .         Reflect  .     x - +1 cloak
rCorr  .         Harm     .     t - +0 pair of gloves
MR     .....                    l - +0 pair of boots
Stlth  ..........               (no amulet)
                                B - +3 ring of slaying
                                Y - ring "Hulenwi" {*Slow rPois rN++ Int+6}

@: berserking (expiring), very quick
A: retaliatory headbutt, horns 2
a: Berserk, Trog's Hand, Brothers in Arms, Burn Spellbooks, Renounce Religion


You were on level 2 of the Lair of Beasts.
You worshipped Trog.
Trog was extremely pleased with you.
You were very hungry.

You visited 2 branches of the dungeon, and saw 11 of its levels.
You also visited: Ossuary.

You collected 628 gold pieces.
You spent 255 gold pieces at shops.

Inventory:

Hand Weapons
 a - the +3 war axe "Abbaletz" (weapon) {flame, Stlth+}
   (You bought it in a shop on level 9 of the Dungeon)

   It has been specially enchanted to burn those struck by it, causing extra
   injury to most foes and up to half again as much damage against particularly
   susceptible opponents.
   Big, fiery blades are also staple armaments of hydra-hunters.
   It makes you more stealthy.
 z - a +4 longbow of velocity
Missiles
 I - 218 arrows (quivered)
Armour
 l - a +0 pair of boots (worn)
 t - a +0 pair of gloves (worn)
 x - a +1 cloak (worn)
 F - a +0 chain mail (worn)
Jewellery
 u - a +2 ring of dexterity
 B - a +3 ring of slaying (right hand)
 C - an uncursed ring of fire
 Y - a ring "Hulenwi" (left hand) {*Slow rPois rN++ Int+6}
   (You found it on level 8 of the Dungeon)

   [ring of poison resistance]

   It affects your intelligence (+6).
   It protects you from poison.
   It greatly protects you from negative energy.
   It may slow you when you take damage.
Wands
 M - a wand of hasting (1/9)
 T - a wand of heal wounds (3/9)
 X - a wand of digging (20/24)
Scrolls
 d - 7 scrolls of enchant weapon
 e - 4 scrolls of identify
 h - 4 scrolls of remove curse
 m - 6 scrolls of teleportation {unknown}
 p - 3 scrolls of noise {unknown}
 q - a scroll of blinking {unknown}
 s - a scroll of random uselessness {unknown}
 w - 5 scrolls of recharging {unknown}
 y - a scroll of fog {unknown}
 D - a scroll of torment {unknown}
 L - 2 scrolls of amnesia {unknown}
 R - a scroll of silence {unknown}
 U - a scroll of immolation {unknown}
 V - a scroll of enchant armour {unknown}
Potions
 f - 2 potions of berserk rage
 i - 7 potions of might
 j - a potion of mutation {unknown}
 k - 3 potions of curing
 o - 3 potions of haste
 v - a potion of magic {unknown}
 G - 2 potions of flight
 H - 2 potions of agility {unknown}
 J - a potion of lignification {unknown}
 S - 3 potions of heal wounds {unknown}
 W - a potion of brilliance {unknown}
Comestibles
 b - 3 beef jerkies
 c - 12 bread rations
 g - 11 chunks of flesh
 n - 9 slices of pizza
 r - 8 fruits
 N - 3 meat rations


   Skills:
 + Level 10.3 Fighting
 * Level 12.3 Axes
 * Level 9.6 Bows
 + Level 9.6 Armour
 + Level 8.9 Dodging


You had 10 spell levels left.
You didn't know any spells.

Dungeon Overview and Level Annotations

Branches:
Dungeon (9/15)             Temple (0/1) D:5            Lair (2/6) D:8
  Swamp: Lair:2-4    Shoals: Lair:2-4     Snake: Lair:2-4    Spider: Lair:2-4
    Orc: D:9-12

Altars:
Cheibriados
Fedhas
Hepliaklqana
Kikubaaqudgha
Nemelex Xobeh
Yredelemnul

Shops:
D:9 (


Innate Abilities, Weirdness & Mutations

You reflexively headbutt those who attack you in melee.
You have a pair of horns on your head.


Message History

You slash the death yak! You burn the death yak. You headbutt the death yak.
The death yak is almost dead.
You hit the yak. You burn the yak. You slash the yak! You burn the yak.
You closely miss the yak. The yak gores you but does no damage.
You slash the death yak! You burn the death yak.
You kill the death yak!
Trog accepts your kill.
You barely miss the yak. You slash the yak! You burn the yak.
You kill the yak!
Trog accepts your kill.
You barely miss the yak. The yak misses you. You furiously retaliate!
You headbutt the yak! The yak gores you but does no damage.
You slice the yak!! You burn the yak.
You kill the yak!
Trog accepts your kill.
You hit the yak. You burn the yak. You slash the yak! You burn the yak.
You headbutt the yak.
The yak is severely wounded.
The yak gores you!
You die...

## #. #. #. ##. ## ##P(##.#
#..Y††# ## #†@.#
#.######††.#
#......##..###..
#................
##................
#......P#..................
###...####.................
#...# #P....####...##....
#...####....#####..##P..#


You could see a yak.

Vanquished Creatures
  3 death yaks (Lair:2)
  A spiny frog (Lair:2)
  A troll (D:9)
  A two-headed ogre (D:9)
  2 hippogriffs
  Sigmund (D:5)
  2 wraiths
  A human (D:9)
  13 yaks
  3 basilisks (D:8)
  3 hogs (D:9)
  2 water moccasins (Lair:2)
  9 porcupines
  A black bear (D:8)
  4 orc warriors
  2 phantoms
  6 ogres
  4 wolves (Lair:2)
  4 centaurs
  5 crocodiles
  5 bullfrogs
  Blork the orc (D:5)
  A wyvern zombie (D:9)
  12 scorpions
  4 killer bees (D:7)
  A troll skeleton (D:7)
  12 wights
  7 howler monkeys
  A jelly (D:9)
  3 crimson imps
  3 orc priests
  5 human zombies (D:7)
  4 centaur zombies
  A hound (D:7)
  Crazy Yiuf (D:7)
  13 iguanas (D:8)
  5 orc wizards
  10 worker ants
  A killer bee zombie (D:7)
  3 hound zombies
  2 hound skeletons
  6 mummies
  A howler monkey zombie (D:9)
  3 worker ant zombies
  14 adders
  11 gnolls
  2 river rats (D:8)
  4 scorpion zombies (Ossuary)
  A shadow imp (D:5)
  An ooze (D:4)
  An adder zombie (D:6)
  2 adder skeletons
  3 worms
  2 dart slugs
  2 leopard geckos
  26 orcs
  5 bats
  A giant cockroach (D:3)
  4 gnoll zombies (Ossuary)
  7 goblins
  7 hobgoblins
  18 jackals
  5 quokkas
  A ball python (D:3)
  5 frilled lizards
  3 goblin zombies (Ossuary)
  2 hobgoblin zombies (D:7)
  6 kobolds
  A kobold zombie (Ossuary)
  An orc zombie (D:7)
  A quokka skeleton (D:6)
  4 rats
  A butterfly (D:5)
314 creatures vanquished.

Vanquished Creatures (others)
  A mummy (Ossuary)
  A kobold zombie (Ossuary)
  A bush (D:8)
  6 fungi
  9 plants
18 creatures vanquished.

Grand Total: 332 creatures vanquished

Notes
Turn   | Place    | Note
-------+----------+-------------------------------------------
     0 | D:1      | nikopol the Minotaur Berserker began the quest for the Orb.
     0 | D:1      | Reached XP level 1. HP: 19/19 MP: 0/0
   225 | D:1      | Reached XP level 2. HP: 27/27 MP: 1/1
   798 | D:2      | Reached skill level 4 in Axes
   965 | D:2      | Reached XP level 3. HP: 32/33 MP: 2/2
  1223 | D:2      | Reached ** piety under Trog
  1292 | D:2      | Found a faded altar of an unknown god.
  1442 | D:2      | Reached XP level 4. HP: 40/40 MP: 3/3
  2255 | D:3      | Reached XP level 5. HP: 44/47 MP: 4/4
  2329 | D:4      | Reached skill level 5 in Axes
  2766 | D:4      | Reached skill level 5 in Fighting
  2790 | D:4      | Reached XP level 6. HP: 31/56 MP: 5/5
  3675 | D:5      | Entered Level 5 of the Dungeon
  3698 | D:5      | Reached XP level 7. HP: 52/62 MP: 6/6
  3848 | D:5      | Reached skill level 5 in Armour
  3848 | D:5      | Reached skill level 5 in Dodging
  3873 | D:5      | Reached *** piety under Trog
  3881 | D:5      | Reached skill level 6 in Axes
  4186 | D:5      | Noticed Sigmund
  4192 | D:5      | Killed Sigmund
  4196 | D:5      | Noticed Blork the orc
  4208 | D:5      | Killed Blork the orc
  4208 | D:5      | Reached XP level 8. HP: 71/71 MP: 7/7
  4481 | D:5      | Found a staircase to the Ecumenical Temple.
  4723 | D:6      | Reached **** piety under Trog
  4735 | D:6      | Reached skill level 7 in Axes
  4796 | D:6      | Reached skill level 1 in Bows
  5591 | D:6      | Found a snail-covered altar of Cheibriados.
  5591 | D:6      | Found a hazy altar of Hepliaklqana.
  5591 | D:6      | Found a blossoming altar of Fedhas.
  5773 | D:7      | Found a sand-covered staircase.
  5788 | Ossuary  | Entered an ossuary
  5976 | Ossuary  | Reached skill level 8 in Axes
  5976 | Ossuary  | Reached XP level 9. HP: 80/80 MP: 8/8
  6528 | D:7      | Found an ancient bone altar of Kikubaaqudgha.
  6629 | D:7      | Found a basalt altar of Yredelemnul.
  6680 | D:7      | Reached ***** piety under Trog
  7065 | D:7      | Reached skill level 5 in Bows
  7146 | D:7      | Reached skill level 9 in Axes
  7239 | D:7      | Found a runed door.
  7244 | D:7      | Noticed Crazy Yiuf
  7249 | D:7      | Killed Crazy Yiuf
  7267 | D:7      | Found a sparkling altar of Nemelex Xobeh.
  7336 | D:7      | Received a gift from Trog
  7957 | D:8      | Got a scorched steel ring
  8223 | D:8      | Reached XP level 10. HP: 78/90 MP: 9/9
  8593 | D:8      | Reached skill level 10 in Axes
  8791 | D:8      | Found a staircase to the Lair.
  9128 | D:8      | Identified a ring "Hulenwi" {*Slow rPois rN++ Int+6} (You found it on level 8 of the Dungeon)
  9463 | D:8      | Received a gift from Trog
  9709 | D:9      | Found Eczij's Antique Weapon Emporium.
 10306 | D:9      | Reached skill level 11 in Axes
 10386 | D:9      | Reached XP level 11. HP: 89/97 MP: 10/10
 10504 | D:9      | Bought a crystal war axe for 255 gold pieces
 10504 | D:9      | Identified the +3 war axe "Abbaletz" {flame, Stlth+} (You bought it in a shop on level 9 of the Dungeon)
 10665 | Lair:1   | Entered Level 1 of the Lair of Beasts
 11234 | Lair:1   | You fall through a shaft!
 11696 | Lair:2   | Noticed a death yak
 11702 | Lair:2   | Noticed a death yak
 11710 | Lair:2   | Killed a death yak
 11710 | Lair:2   | Reached skill level 10 in Fighting
 11716 | Lair:2   | Noticed a death yak
 11716 | Lair:2   | Killed a death yak
 11716 | Lair:2   | Reached skill level 12 in Axes
 11726 | Lair:2   | HP: 1/150 [yak (10)]
 11728 | Lair:2   | Killed a death yak
 11730 | Lair:2   | Mangled by a yak

Skill      XL: |  1  2  3  4  5  6  7  8  9 10 11 |
---------------+----------------------------------+-----
Fighting       | 4 5 6 7 8 9 10 | 10.3
Axes           | 4 5 6 8 9 11 12 | 12.3
Armour         | 3 4 5 6 7 8 9 |  9.6
Dodging        | 3 4 5 6 7 8 |  8.9
Bows           | 3 5 8 9 |  9.6

Action                   |  1- 3 |  4- 6 |  7- 9 | 10-12 || total
-------------------------+-------+-------+-------+-------++-------
Melee: Hand axe          |    70 |   135 |   424 |   174 ||   803
       Headbutt          |     9 |    20 |   109 |    57 ||   195
       War axe           |       |       |       |    46 ||    46
 Fire: Shortbow          |       |       |   160 |    54 ||   214
       Longbow           |       |       |       |    94 ||    94
Invok: Berserk           |       |     2 |     3 |     2 ||     7
       Burn Spellbooks   |       |       |     2 |       ||     2
       Trog's Hand       |       |       |     1 |     1 ||     2
       Brothers in Arms  |       |       |     1 |       ||     1
  Use: Potion            |       |       |     1 |       ||     1
       Scroll            |       |       |       |     9 ||     9
  Eat: Chunk             |     1 |    10 |    17 |    12 ||    40
       Fruit             |       |       |     1 |       ||     1
Armor: Leather armour    |    17 |    33 |       |       ||    50
       Animal skin       |     1 |       |       |       ||     1
       Chain mail        |       |    11 |   207 |    80 ||   298
Dodge: Dodged            |    41 |    79 |   235 |   127 ||   482
